 Dungeon Crawl Stone Soup version 0.29.0-11-gd7f09526c8 (webtiles) character file.

Game seed: 1059377588143904507

366 SensoryNuts the Covert (level 6, -11/41 HPs)
             Began as an Octopode Brigand on Sept 3, 2022.
             Mangled by an ogre
             ... wielding a +0 giant spiked club
              (24 damage)
             ... on level 4 of the Dungeon.
             The game lasted 00:04:15 (3330 turns).

SensoryNuts the Covert (Octopode Brigand)           Turns: 3330, Time: 00:04:16

Health: -11/41     AC:  1    Str: 11    XL:     6   Next: 68%
Magic:  6/6        EV: 13    Int: 13    God:
Gold:   149        SH:  0    Dex: 15    Spells: 5/5 levels left

rFire   . . .      SeeInvis .   a - +4 dagger
rCold   + . .      Faith    .   (no shield)
rNeg    . . .      Spirit   .   (helmet restricted)
rPois   .          Reflect  .   h - amulet of regeneration
rElec   .          Harm     .   f - ring of protection from cold
rCorr   .          Rampage  .   (no ring)
Will    .....                   (no ring)
Stlth   +++++.....              (no ring)
HPRegen 0.93/turn               (no ring)
MPRegen 0.10/turn               (no ring)
                                (no ring)
                                (no ring)

@: no status effects
A: almost no armour, amphibious, 8 rings, camouflage 1, gelatinous body 1,
(nimble swimmer 1), tentacles
a: no special abilities


You were on level 4 of the Dungeon.
You visited 1 branch of the dungeon, and saw 4 of its levels.
You also visited: Sewer.

You collected 149 gold pieces.

Inventory:

Hand Weapons
 a - a +4 dagger (weapon)
Missiles
 b - 9 poisoned darts (quivered)
 c - 3 curare-tipped darts
Jewellery
 f - a ring of protection from cold (left tentacle)
 h - an amulet of regeneration (around mantle)
 n - a +6 ring of intelligence
Scrolls
 e - 5 scrolls of teleportation
 g - a scroll of butterflies
 i - a scroll of enchant armour {unknown}
 j - a scroll of magic mapping {unknown}
Potions
 d - a potion of brilliance {unknown}
 k - a potion of lignification


   Skills:
 + Level 2.6 Fighting
 * Level 4.5 Short Blades
 + Level 2.2 Throwing
 + Level 2.1 Dodging
 + Level 8.1 Stealth


You had 5 spell levels left.
You didn't know any spells.
Your spell library contained the following spells:

 Spells                   Type           Power      Damage    Failure   Level
 Apportation              Tloc           0%         N/A       30%         1
 Gell's Gravitas          Tloc           0%         N/A       67%         3
 Teleport Other           Tloc           0%         N/A       67%         3
 Corpse Rot               Necr/Pois/Air  0%         N/A       97%         4
 Dispel Undead            Necr           0%         3d6       97%         4
 Alistair's Intoxication  Tmut/Pois      0%         N/A       100%        5
 Death Channel            Necr           0%         N/A       100%        6
 Dispersal                Tloc           0%         N/A       100%        6


Dungeon Overview and Level Annotations

Branches:
Dungeon (4/15)              Sewer (visited)
 Temple: D:4-7

Altars:
Vehumet

Shops:
D:2 *   D:4 [


Innate Abilities, Weirdness & Mutations

You cannot wear most types of armour.
You are amphibious.
You can wear up to eight rings at the same time.
Your skin changes colour to match your surroundings (Stealth+).
Your rubbery body absorbs attacks. (AC +1, EV +1)
((You are camouflaged when in or above water. (Stealth+)))
You have tentacles for arms and can constrict up to eight enemies at once.


Message History

The helpless hobgoblin fails to defend itself.
You spit the hobgoblin like a pig!!!
You kill the hobgoblin!
No target in view!
No target in view!
No target in view!
No target in view!
No target in view!
A ball python comes into view.
Found a stone staircase leading up.
You see here a hobgoblin corpse.
A ball python is nearby!
A ball python is nearby!
The ball python hisses angrily.
The ball python bites you but does no damage.
The ball python grabs you. The ball python constricts you.
The ball python barely misses you. The ball python constricts you.
You closely miss the ball python. You grab the ball python.
You constrict the ball python. You hit the ball python.
You kill the ball python!
No target in view!
An ogre comes into view. It is wielding a +0 giant spiked club.
An ogre is nearby!
An ogre is nearby!
Found a wooden ring.
Found Hosonafo's Armour Emporium.
Found a stone staircase leading down.
The ogre shouts!
A necrophage comes into view.
The ogre hits you with a +0 giant spiked club!!!
Ouch! That really hurt!
* * * LOW HITPOINT WARNING * * *
You are too injured to fight recklessly!
Unknown command.
You feel better.
You barely miss the ogre.
The ogre hits you with a +0 giant spiked club!!
Ouch! That really hurt!
You die...

§§#.# #.........########
§.#.####......[..........
§......'†..>.............
≈..#####...[.............
..## #.................
### ####.####.........
#.####.........
##+......#######
.......@.# .8n..<.O##
......... ...∩...=.#
.........# .>...8..##
........# ........#


You could see an ogre and a necrophage.

Vanquished Creatures
  Pargi (Sewer)
  A black bear (D:3)
  A hound (D:3)
  4 adders
  4 worms
  5 dart slugs
  3 orcs (D:2)
  7 ball pythons
  4 endoplasms
  8 giant cockroaches
  7 hobgoblins
  4 jackals (D:1)
  4 quokkas
  15 bats
  4 frilled lizards
  6 goblins
  4 kobolds
  6 rats
88 creatures vanquished.

Notes
Turn   | Place    | Note
-------+----------+-------------------------------------------
     0 | D:1      | SensoryNuts the Octopode Brigand began the quest for the
                  | Orb.
     0 | D:1      | Reached XP level 1. HP: 14/14 MP: 1/1
   228 | D:1      | Reached XP level 2. HP: 17/19 MP: 2/2
   512 | D:1      | Reached skill level 6 in Stealth
   512 | D:1      | Reached XP level 3. HP: 24/24 MP: 3/3
  1221 | D:2      | Found a faded altar of an unknown god.
  1364 | D:2      | Reached XP level 4. HP: 29/29 MP: 4/4
  1561 | D:2      | Found Seiwi's Assorted Antiques.
  2685 | D:3      | Reached XP level 5. HP: 34/34 MP: 5/5
  2685 | D:3      | Found a glowing drain.
  2704 | Sewer    | Entered a sewer
  2722 | Sewer    | Reached skill level 7 in Stealth
  2741 | Sewer    | Noticed Pargi
  2796 | Sewer    | Killed Pargi
  2917 | D:3      | Reached XP level 6. HP: 41/41 MP: 6/6
  3143 | D:4      | Noticed a black bear
  3198 | D:3      | Killed a black bear
  3241 | D:3      | Reached skill level 8 in Stealth
  3293 | D:4      | Found a radiant altar of Vehumet.
  3325 | D:4      | Found Hosonafo's Armour Emporium.
  3330 | D:4      | Mangled by an ogre

Illustrated notes

Levels and vault maps discovered:
D:1:      saegor_arrival_simple_a, layout_loops_ring, minmay_heptomino_o4
D:2:      layout_basic, hellmonk_ecumenical_altar_arch_garden, serial_shops,
          nicolae_shop_hallway_stairs, minmay_fractal_squares_5
D:3:      layout_basic, portal_sewer_entry_f, chequers_serial_rivers_micro_a,
          chequers_garden
D:4:      layout_basic, mainiacjoe_overflow_catwalk, nicolae_stop_n_shop_1,
          minmay_close_crescents, uniq_robin

Skill      XL: |  1  2  3  4  5  6 |
---------------+-------------------+-----
Stealth        | 6 7 8 |  8.1
Short Blades   | 3 4 |  4.5
Dodging        | 2 |  2.1
Fighting       | |  2.6
Throwing       | |  2.2

Action                   |  1- 3 |  4- 6 || total
-------------------------+-------+-------++-------
Melee: Dagger            |    60 |   111 ||   171
       Constrict         |    15 |    29 ||    44
       Tentacles         |     8 |    22 ||    30
       Punch             |     2 |       ||     2
  Use: Scroll            |       |    13 ||    13
       Potion            |       |     2 ||     2
 Stab: Sleeping          |    15 |    15 ||    30
Armor: Skin              |     5 |    11 ||    16
Dodge: Dodged            |    28 |    66 ||    94
